 Dungeon Crawl Stone Soup version 0.21.1-1-g345015f (webtiles) character file.

115 Kairos the Poker (level 5, 0/39 HPs)
             Began as a Merfolk Skald on Mar 25, 2018.
             Slain by a quokka (3 damage)
             ... on level 4 of the Dungeon.
             The game lasted 00:02:33 (2319 turns).

Kairos the Poker (Merfolk Skald)                    Turns: 2319, Time: 00:02:34

Health: 0/39       AC:  3    Str: 12    XL:     5   Next: 0%
Magic:  8/8        EV: 13    Int: 12    God:
Gold:   68         SH:  0    Dex: 14    Spells: 7/8 levels left

rFire    . . .     SeeInvis .   a - +0 spear
rCold    . . .     Gourm    .   (no shield)
rNeg     . . .     Faith    .   b - +0 leather armour
rPois    .         Spirit   .   (no helmet)
rElec    .         Reflect  .   (no cloak)
rCorr    .         Harm     .   (no gloves)
MR       .....                  (no boots)
Stlth    +.........             (no amulet)
HPRegen  0.13/turn              (no ring)
MPRegen  0.11/turn              (no ring)

@: no status effects
A: change form in water, swift swim, stealthy swim
a: no special abilities


You were on level 4 of the Dungeon.
You were not hungry.

You visited 1 branch of the dungeon, and saw 4 of its levels.

You collected 68 gold pieces.

Inventory:

Hand Weapons
 a - a +0 spear (weapon)
Armour
 b - a +0 leather armour (worn)
Scrolls
 e - 2 scrolls of identify {unknown}
 f - 2 scrolls of enchant weapon {unknown}
 g - a scroll of blinking {unknown}
 i - a scroll of fear {unknown}
 k - a scroll of fog {unknown}
 l - a scroll of teleportation {unknown}
Potions
 h - 2 potions of curing
 j - a potion of haste {unknown}
Books
 c - a book of Battle

   Spells                             Type                      Level
   a - Infusion                       Charms                       1
   b - Shroud of Golubria             Charms/Translocation         2
   c - Song of Slaying                Charms                       2
   d - Spectral Weapon                Hexes/Charms                 3
   e - Regeneration                   Charms/Necromancy            3
Comestibles
 d - 2 rations


   Skills:
 + Level 2.6 Fighting
 + Level 4.8 Polearms
 + Level 1.3 Armour
 + Level 3.1 Dodging
 + Level 1.0 Stealth
 + Level 2.4 Spellcasting
 + Level 3.8 Charms


You had 7 spell levels left.
You knew the following spells:

 Your Spells              Type           Power        Failure   Level  Hunger
a - Infusion              Chrm           ##..         7%          1    ##.....


Dungeon Overview and Level Annotations

Branches:
Dungeon (4/15)
 Temple: D:4-7

Altars:
Cheibriados


Message History

You hit the quokka but do no damage.
The quokka is moderately wounded.
The quokka misses you.
Unknown command.
Unknown command.
You closely miss the quokka.
The quokka is moderately wounded.
The quokka misses you.
You hit the quokka but do no damage.
The quokka is moderately wounded.
The quokka bites you.
* * * LOW HITPOINT WARNING * * *
You hit the quokka but do no damage.
The quokka is moderately wounded.
The quokka bites you.
* * * LOW HITPOINT WARNING * * *
You barely miss the quokka.
The quokka is moderately wounded.
The quokka bites you.
You die...

##...####
##........
#.........
##>...(....
#####..........
............(..
....?..........
#@.......
##r......
....... #......
...... #.....
..... .....


You could see a quokka.

Vanquished Creatures
  A gnoll (D:1)
  6 adders
  A worm (D:2)
  2 dart slugs
  6 bats
  2 giant cockroaches
  6 goblins
  3 hobgoblins
  14 kobolds
  A ball python (D:2)
  2 frilled lizards
  8 rats
52 creatures vanquished.

Notes
Turn   | Place    | Note
-------+----------+-------------------------------------------
     0 | D:1      | Kairos the Merfolk Skald began the quest for the Orb.
     0 | D:1      | Reached XP level 1. HP: 16/16 MP: 3/3
   128 | D:1      | Reached XP level 2. HP: 18/23 MP: 5/5
   461 | D:1      | Reached skill level 1 in Armour
   461 | D:1      | Reached XP level 3. HP: 16/28 MP: 6/6
   790 | D:2      | Reached skill level 4 in Polearms
  1132 | D:2      | Reached XP level 4. HP: 32/34 MP: 7/7
  1266 | D:2      | Reached skill level 1 in Stealth
  2244 | D:3      | Found a snail-covered altar of Cheibriados.
  2309 | D:4      | Reached XP level 5. HP: 9/39 MP: 8/8
  2319 | D:4      | Slain by a quokka

Skill      XL: |  1  2  3  4 |
---------------+-------------+-----
Armour         | 1 |  1.3
Dodging        | 3 |  3.1
Polearms       | 4 |  4.8
Stealth        | 1 |  1.0
Fighting       | |  2.6
Spellcasting   | |  2.4
Charms         | |  3.8

Action                   |  1- 3 |  4- 6 || total
-------------------------+-------+-------++-------
Melee: Spear             |   139 |   114 ||   253
 Cast: Infusion          |     1 |     2 ||     3
  Use: Potion            |       |     1 ||     1
 Stab: Sleeping          |     4 |     3 ||     7
  Eat: Chunk             |     1 |     1 ||     2
       Ration            |       |     1 ||     1
Armor: Leather armour    |    19 |    13 ||    32
Dodge: Dodged            |    67 |    62 ||   129
